 Dungeon Crawl Stone Soup version 0.29.0-13-gc9e81de378 (webtiles) character file.

Game seed: 10729965687956832397

1435 Zonian the Trooper (level 8, -1/67 HPs)
             Began as a Demonspawn Gladiator on Sept 10, 2022.
             Was a Follower of Ashenzari.
             Killed by divine providence
             ... invoked by an orc priest
              (8 damage)
             ... on level 7 of the Dungeon.
             The game lasted 00:12:50 (9213 turns).

Zonian the Trooper (Demonspawn Gladiator)           Turns: 9213, Time: 00:12:50

Health: -1/67      AC:  6    Str: 18    XL:     8   Next: 45%
Magic:  8/8        EV: 14    Int:  9    God:    Ashenzari [*.....]
Gold:   260        SH:  0    Dex: 14    Spells: 7/7 levels left

rFire   . . .      SeeInvis .   a - +1 trident
rCold   . . .      Faith    .   (no shield)
rNeg    . . .      Spirit   .   b - +1 leather armour of Ashenzari's Anxiety {Fort, Self} (curse)
rPois   .          Reflect  .   c - +0 helmet of the Unyielding Gaze {Range, Melee} (curse)
rElec   .          Harm     .   (no cloak)
rCorr   .          Rampage  .   d - +0 pair of gloves
Will    .....                   (no boots)
Stlth   +.........              (no amulet)
HPRegen 0.21/turn               (no ring)
MPRegen 0.11/turn               (no ring)

@: no status effects
A: claws 2
a: Renounce Religion, Shatter the Chains


You were on level 7 of the Dungeon.
You worshipped Ashenzari.
Ashenzari was aware of your devotion.
You visited 1 branch of the dungeon, and saw 7 of its levels.

You collected 260 gold pieces.

Inventory:

Hand Weapons
 a - a +1 trident (weapon)
 f - a +1 whip of draining
Missiles
 e - a javelin (quivered)
 r - 5 poisoned darts
 t - 6 atropa-tipped darts
Armour
 b - the cursed +1 leather armour of Ashenzari's Anxiety (worn) {Fort, Self}

   It has a curse which improves the following skills: Fortitude: Armour and
   Shields.
   Introspection: Fighting and Spellcasting.
 c - the cursed +0 helmet of the Unyielding Gaze (worn) {Range, Melee}

   It has a curse which improves the following skills: Ranged Combat: Ranged
   Weapons and Throwing.
   Melee Combat: Short Blades, Long Blades, Axes, Maces & Flails, Polearms,
   Staves and Unarmed Combat.
 d - a +0 pair of gloves (worn)
Magical Staves
 u - a staff of conjuration
Jewellery
 q - a ring of positive energy
 y - a ring of ice
 z - a ring of see invisible
Wands
 v - a wand of flame (16)
 w - a wand of charming (3)
Scrolls
 i - a scroll of enchant armour
 p - 2 scrolls of amnesia
 s - a scroll of teleportation
 D - a scroll of blinking
Potions
 g - a potion of magic
 h - a potion of lignification
 j - a potion of heal wounds
 k - a potion of ambrosia
 l - 2 potions of resistance
 m - a potion of mutation
 n - a potion of curing
 o - 3 potions of attraction
 A - a potion of flight
 B - a potion of haste
 C - a potion of degeneration


   Skills:
 + Level 6.2(7.1) Fighting
 + Level 6.0(6.9) Polearms
 - Level 3.0(3.7) Throwing
 - Level 5.7 Dodging


You had 7 spell levels left.
You didn't know any spells.
Your spell library contained the following spells:

 Spells                   Type           Power      Damage    Failure   Level
 Stone Arrow              Conj/Erth      0%         3d7       82%         3
 Animate Armour           Summ/Erth      0%         N/A       99%         4
 Lehudib's Crystal Spear  Conj/Erth      0%         10d2      100%        8


Dungeon Overview and Level Annotations

Branches:
Dungeon (7/15)
 Temple: D:4-7

Altars:
Ashenzari
Ru
Sif Muna
Wu Jian

Shops:
D:1 !

Annotations:
D:5 1 runed translucent door, baller8008's ghost, novice PaFi


Innate Abilities, Weirdness & Mutations

You have very sharp fingernails.


Message History

The orc priest is almost dead.
The orc priest completely misses you. The orc priest barely misses you.
The orc priest looks satisfied for a moment.
You hit the orc priest.
The orc priest is almost dead.
The orc priest mumbles some strange prayers to Beogh against you.
Beogh smites you!
* * * LOW HITPOINT WARNING * * *
The orc priest invokes the aid of Beogh against you.
Beogh smites you!
* * * LOW HITPOINT WARNING * * *
The orc priest hits you but does no damage.
You feel much better.
The orc priest hits you with a +2 hand axe of electrocution.
The orc priest hits you from afar with a +0 trident.
Unknown command.
Okay, then.
Unknown command.
You barely miss the orc priest.
The orc priest is almost dead.
The orc priest mumbles some strange prayers to Beogh against you.
Beogh smites you!
* * * LOW HITPOINT WARNING * * *
The orc priest hits you from afar with a +0 trident.
* * * LOW HITPOINT WARNING * * *
Throw: throwing net
Press: ? - help, Shift-Dir - straight line, f - orc priest
Aim: an orc priest, wielding a +2 hand axe of electrocution (almost dead, 63% to hit)
You throw a throwing net. The throwing net hits the orc priest.
The orc priest is caught in the net!
The orc priest is almost dead.
The orc priest struggles against the net.
The orc priest calls down the wrath of Beogh upon you.
Beogh smites you!
* * * LOW HITPOINT WARNING * * *
You puncture the orc priest!
You kill the orc priest!
The orc priest calls down the wrath of Beogh upon you.
Beogh smites you!
You die...

#... ####..o
..#... .....
#... ####...
#
.......####.#
#...o@...#
###o###### #.
#. #. #. +


You could see 2 orc priests.

Vanquished Creatures
  Grinder (D:5)
  A water moccasin (D:4)
  3 ice beasts
  2 phantoms (D:5)
  A bullfrog (D:6)
  A scorpion (D:5)
  3 howler monkeys (D:5)
  A hound (D:5)
  5 orc priests
  2 iguanas
  8 gnolls
  5 adders
  A shadow imp (D:6)
  A white imp (D:5)
  An ufetubus (D:5)
  A worm (D:4)
  A dart slug (D:5)
  11 orcs
  6 ball pythons
  7 bats
  5 endoplasms
  4 giant cockroaches
  12 goblins
  6 hobgoblins
  5 quokkas
  3 frilled lizards
  6 kobolds
  7 rats
110 creatures vanquished.

Vanquished Creatures (collateral kills)
  A gnoll bouda (D:4)
  A kobold (D:4)
2 creatures vanquished.

Vanquished Creatures (others)
  A gnoll (D:4)
1 creature vanquished.

Grand Total: 113 creatures vanquished

Notes
Turn   | Place    | Note
-------+----------+-------------------------------------------
     0 | D:1      | Zonian the Demonspawn Gladiator began the quest for the
                  | Orb.
     0 | D:1      | Reached XP level 1. HP: 16/16 MP: 1/1
   582 | D:1      | Gained mutation: You have sharp fingernails. [demonic
                  | ancestry]
   582 | D:1      | Reached XP level 2. HP: 22/22 MP: 2/2
   592 | D:1      | Found a faded altar of an unknown god.
   858 | D:1      | Found Ythruonoa's Distillery.
  1242 | D:2      | Reached XP level 3. HP: 28/28 MP: 3/3
  2316 | D:3      | Reached XP level 4. HP: 27/34 MP: 4/4
  3089 | D:4      | Gained mutation: You are clumsy. (Dex -2) [potion of
                  | mutation]
  3089 | D:4      | Lost mutation: You are clumsy. (Dex -2) [potion of
                  | mutation]
  3174 | D:4      | HP: 1/35 [gnoll/+0 flail[a gnoll bouda] (2)]
  3175 | D:4      | Reached XP level 5. HP: 1/41 MP: 5/5
  3797 | D:4      | Found a broken altar of Ashenzari.
  3843 | D:4      | Became a worshipper of Ashenzari the Shackled
  4401 | D:4      | Noticed a water moccasin
  4545 | D:4      | Killed a water moccasin
  4546 | D:4      | Reached XP level 6. HP: 26/48 MP: 6/6
  5124 | D:5      | Entered Level 5 of the Dungeon
  5157 | D:5      | Noticed an ice beast
  5175 | D:5      | Killed an ice beast
  5626 | D:5      | Gained mutation: You have very sharp fingernails. [demonic
                  | ancestry]
  5626 | D:5      | Reached XP level 7. HP: 48/55 MP: 7/7
  6559 | D:5      | Noticed Grinder
  6638 | D:5      | Paralysed by Grinder for 2 turns
  6646 | D:5      | Killed Grinder
  6647 | D:5      | Reached skill level 5 in Fighting
  6647 | D:5      | Reached skill level 5 in Polearms
  6647 | D:5      | Reached skill level 5 in Dodging
  7047 | D:5      | Found a runed translucent door.
  7048 | D:5      | Noticed baller8008's ghost (novice PaFi)
  7065 | D:5      | Reached XP level 8. HP: 63/63 MP: 8/8
  8070 | D:6      | Found a sacrificial altar of Ru.
  8819 | D:6      | Found an ornate altar of the Wu Jian Council.
  8919 | D:6      | Found a shimmering blue altar of Sif Muna.
  9144 | D:6      | Reached * piety under Ashenzari
  9213 | D:7      | Killed from afar by an orc priest

Illustrated notes

Levels and vault maps discovered:
D:1:      nicolae_arrival_somewhat_less_tricky_arrival, layout_basic,
          basic_ecumenical_altar, serial_shops, nicolae_shop_trees
D:2:      layout_basic
D:3:      layout_basic
D:4:      layout_basic, cheibrodos_ashenzari_chains
D:5:      layout_basic, ebering_ghost_sewer_d, st_stairs_10, uniq_grinder
D:6:      layout_cave_pools, nicolae_ru_awakened_eye, minitemple,
          kennysheep_cross_room, dk_rats_in_the_wall
D:7:      lemuel_ratsnest, layout_loops_corners,
          minmay_temple_entry_stoned_glass, ebering_ghost_xom, uniq_maggie

Skill      XL: |  1  2  3  4  5  6  7  8 |
---------------+-------------------------+-----
Throwing       | 2 3 |  3.0
Polearms       | 3 4 5 6 |  6.0
Dodging        | 3 4 5 |  5.7
Fighting       | 3 4 5 6 |  6.2

Action                   |  1- 3 |  4- 6 |  7- 9 || total
-------------------------+-------+-------+-------++-------
Melee: Trident           |   147 |   137 |   189 ||   473
Throw: Dart              |       |     2 |       ||     2
       Javelin           |       |     1 |       ||     1
       Throwing net      |       |     6 |     1 ||     7
Invok: Curse Item        |       |       |     2 ||     2
Evoke: Wand              |       |    12 |     9 ||    21
  Use: Scroll            |     6 |     3 |     4 ||    13
       Potion            |       |     4 |     1 ||     5
 Stab: Sleeping          |     2 |     1 |     1 ||     4
       Held in net/web   |       |     1 |       ||     1
Armor: Leather armour    |    37 |    33 |    40 ||   110
Dodge: Dodged            |    73 |    64 |   103 ||   240
